 Dungeon Crawl Stone Soup version 0.27.1-1-g398f81649c (webtiles) character file.

Game seed: 5311714670330502712

2921 Borgoz the Protected (level 9, -6/56 HPs)
             Began as a Gargoyle Berserker on Sept 20, 2021.
             Was a Priest of Trog.
             Mangled by Blork the orc (10 damage)
             ... on level 6 of the Dungeon.
             The game lasted 00:07:10 (7599 turns).

Borgoz the Protected (Gargoyle Berserker)           Turns: 7599, Time: 00:07:10

Health: -6/56      AC: 16    Str: 20    XL:     9   Next: 79%
Magic:  9/9        EV: 11    Int:  9    God:    Trog [***...]
Gold:   372        SH:  0    Dex: 12    Spells: 8/8 levels left

rFire    . . .     SeeInvis .   t - +0 flail
rCold    . . .     Faith    .   (no shield)
rNeg     + . .     Spirit   .   r - +0 scale mail
rPois    ∞         Reflect  .   (no helmet)
rElec    +         Harm     .   (no cloak)
rCorr    .         Rampage  .   (no gloves)
Will     +++..                  s - +0 pair of boots
Stlth    ..........             (no amulet)
HPRegen  1.18/turn              n - ring of willpower
MPRegen  0.11/turn              (no ring)

@: strong-willed, on berserk cooldown, regenerating, slowed, very slow
A: sickness immunity, AC +6, negative energy resistance 1, electricity
resistance, torment resistance 1, petrification resistance
a: Renounce Religion, Berserk, Trog's Hand


You were on level 6 of the Dungeon.
You worshipped Trog.
Trog was most pleased with you.
You visited 2 branches of the dungeon, and saw 7 of its levels.

You collected 372 gold pieces.

Inventory:

Hand Weapons
 t - a +0 flail (weapon)
Armour
 r - a +0 scale mail (worn)
 s - a +0 pair of boots (worn)
 y - +0 steam dragon scales
Jewellery
 n - a ring of willpower (left hand)
Wands
 q - a wand of mindburst (12)
Scrolls
 a - 2 scrolls of amnesia {unknown}
 c - a scroll of fear {unknown}
 d - 3 scrolls of noise {unknown}
 e - 7 scrolls of teleportation {unknown}
 g - 2 scrolls of acquirement {unknown}
 h - 9 scrolls of identify {unknown}
 i - a scroll of silence {unknown}
 k - a scroll of summoning {unknown}
 l - a scroll of blinking {unknown}
 u - 2 scrolls of fog {unknown}
 v - a scroll of immolation {unknown}
Potions
 b - 2 potions of brilliance {unknown}
 f - a potion of cancellation {unknown}
 j - a potion of lignification {unknown}
 m - a potion of ambrosia {unknown}
 o - 2 potions of heal wounds {unknown}
 p - 2 potions of flight {unknown}
 w - a potion of resistance
 x - a potion of mutation {unknown}


   Skills:
 + Level 6.8 Fighting
 * Level 8.2 Maces & Flails
 * Level 8.7 Armour
 + Level 4.6 Dodging


You had 8 spell levels left.
You didn't know any spells.
Your spell library was empty.

Dungeon Overview and Level Annotations

Branches:
Dungeon (6/15)             Temple (1/1) D:6

Altars:
Ashenzari
Cheibriados
Dithmenos
Elyvilon
Fedhas
Gozag
Hepliaklqana
Makhleb
Nemelex Xobeh
Okawaru
Sif Muna
Vehumet
Xom
Yredelemnul
The Shining One

Shops:
D:4 !:

Annotations:
D:6 Blork the orc, Sigmund


Innate Abilities, Weirdness & Mutations

You are immune to sickness and miasma.
Your stone body is resilient. (AC +6)
You are immune to poison.
You resist negative energy. (rN+)
You are resistant to electric shocks. (rElec)
You are resistant to unholy torment.
You are immune to petrification.


Message History

You start resting.
You feel your anger nearly subside.
You are no longer berserk.
You are exhausted.
You feel yourself slow down.
You start resting.
Your skin stops crawling.
You feel less strong-willed.
Blork the orc comes into view.
He is wielding a +0 battleaxe and wearing a +0 robe of willpower.
Blork the orc shouts!
Aiming: Mindburst
Press: ? - help, Shift-Dir - straight line, f - Blork the orc
Aim: Blork the orc, wielding a +0 battleaxe and wearing a +0 robe of willpower (chance to affect: 30%) Blork the orc easily resists.
Aiming: Mindburst
Press: ? - help, Shift-Dir - straight line, f/p - Blork the orc
Aim: Blork the orc, wielding a +0 battleaxe and wearing a +0 robe of willpower (chance to affect: 30%) Blork the orc's mind is blasted.
Okay, then.
Your skin crawls.
You feel strong-willed. Blork the orc closely misses you.
Blork the orc points at you and mumbles some strange words.
The puff of frost hits you.
You hit Blork the orc but do no damage.
Blork the orc is moderately wounded.
Blork the orc casts a spell at you. The puff of frost misses you.
You closely miss Blork the orc.
Blork the orc is moderately wounded.
Blork the orc mumbles some strange words.
Blork the orc seems to speed up.
Sigmund the Dreaded comes into view.
He is wielding a +0 scythe.
Blork the orc hits you with a +0 battleaxe!
* * * LOW HITPOINT WARNING * * *
Sigmund shouts!
You hit Blork the orc.
Blork the orc is moderately wounded.
Blork the orc hits you with a +0 battleaxe!
* * * LOW HITPOINT WARNING * * *
Blork the orc hits you with a +0 battleaxe!
You die...

#.# #.........#. ....#
#.........#. #.#.#
#.........#. #.#.#
##........... #.#.#
#...##+#'##..
##.#.###.>.#........
#...................
#######.#.#######..#.###.
........@................
##.###o#.#######..#.###.
.........................
###.##..#.#####...##.###.
....... #...##.....
##@.#.... #...##.....
...+....#8...8#.....
...#....##...######.
#...# ..##...# #.


You could see Blork the orc (fast) and Sigmund.

Vanquished Creatures
  A two-headed ogre (D:6)
  Maggie (D:6)
  An acid dragon (D:6)
  A water moccasin (D:6)
  A sky beast (D:5)
  A necrophage (D:6)
  3 black bears
  A phantom (D:5)
  A kobold brigand (D:6)
  A gnoll sergeant (D:6)
  A bullfrog (D:6)
  A water moccasin zombie (D:6)
  2 scorpions
  A wyvern skeleton (D:6)
  4 hounds
  3 jellies
  3 orc priests
  2 bullfrog skeletons
  A centaur skeleton (D:5)
  Ijyb (D:3)
  6 iguanas
  4 orc wizards
  A killer bee zombie (D:6)
  3 gnolls (D:6)
  5 adders
  A shadow imp (D:5)
  An ufetubus (D:6)
  An adder zombie (D:5)
  2 worms (D:2)
  3 dart slugs
  15 orcs
  4 bats
  6 endoplasms
  2 giant cockroaches
  15 goblins
  2 hobgoblins
  4 jackals
  2 quokkas
  10 ball pythons
  3 frilled lizards
  A kobold (D:2)
  3 rats (D:2)
125 creatures vanquished.

Notes
Turn   | Place    | Note
-------+----------+-------------------------------------------
     0 | D:1      | Borgoz the Gargoyle Berserker began the quest for the Orb.
     0 | D:1      | Reached XP level 1. HP: 14/14 MP: 1/1
   297 | D:1      | Reached XP level 2. HP: 19/19 MP: 2/2
  1464 | D:2      | Reached XP level 3. HP: 7/23 MP: 3/3
  2091 | D:2      | Noticed a black bear
  2110 | D:2      | Killed a black bear
  2111 | D:2      | Reached XP level 4. HP: 24/29 MP: 4/4
  2111 | D:2      | Reached XP level 5. HP: 27/33 MP: 5/5
  3007 | D:3      | Noticed Ijyb
  3017 | D:3      | Killed Ijyb
  3251 | D:3      | Reached ** piety under Trog
  3384 | D:3      | Found a faded altar of an unknown god.
  3586 | D:3      | Found a shimmering blue altar of Sif Muna.
  3740 | D:4      | Found Errohuc's Distillery.
  3753 | D:4      | Reached XP level 6. HP: 38/38 MP: 6/6
  4107 | D:4      | Found Aplarrui's Book Boutique.
  4323 | D:4      | Found Porphef's Distillery.
  4400 | D:5      | Entered Level 5 of the Dungeon
  4542 | D:5      | Reached skill level 5 in Maces & Flails
  4542 | D:5      | Reached XP level 7. HP: 29/44 MP: 7/7
  4713 | D:5      | Reached skill level 5 in Armour
  5210 | D:5      | Reached skill level 5 in Fighting
  5383 | D:5      | Reached XP level 8. HP: 21/49 MP: 8/8
  6058 | D:6      | Reached *** piety under Trog
  6492 | D:6      | Noticed a two-headed ogre
  6533 | D:6      | Reached XP level 9. HP: 37/55 MP: 9/9
  6592 | D:6      | HP: 3/82 [two-headed ogre (16)]
  6593 | D:6      | Killed a two-headed ogre
  7156 | D:6      | Found a staircase to the Ecumenical Temple.
  7348 | Temple   | Entered the Ecumenical Temple
  7575 | D:6      | Noticed Maggie
  7586 | D:6      | Killed Maggie
  7592 | D:6      | Noticed Blork the orc
  7598 | D:6      | Noticed Sigmund
  7599 | D:6      | Mangled by Blork the orc

Illustrated notes

Levels and vault maps discovered:
D:1:      lightli_molten_gateway, layout_basic
D:2:      layout_loops_ring, st_stairs_10, minmay_pentomino_q4
D:3:      kennysheep_goblin_castle, layout_rooms, lemuel_blue_sif_altar,
          shapermc_ecumenical_altar_venn, minmay_misc_feat_room
D:4:      layout_cave_pools, serial_shops, shop, nicolae_take_the_stairs,
          nicolae_shop_window_shopping
D:5:      cheibrodos_quashed, layout_basic, grunt_ministairs_14
D:6:      layout_basic, minmay_temple_entry_butterflies, corexii_hall_statues_x,
          nzn_random_ring, uniq_maggie, uniq_sigmund, uniq_blork_the_orc
Temple:   eino_temple_water

Skill      XL: |  1  2  3  4  5  6  7  8  9 |
---------------+----------------------------+-----
Maces & Flails | 4 5 7 8 |  8.2
Armour         | 3 4 5 7 8 |  8.7
Dodging        | 2 3 4 |  4.6
Fighting       | 4 5 6 |  6.8

Action                   |  1- 3 |  4- 6 |  7- 9 || total
-------------------------+-------+-------+-------++-------
Melee: Mace              |   124 |    71 |       ||   195
       Flail             |       |    83 |   317 ||   400
Invok: Berserk           |     1 |     2 |     5 ||     8
       Trog's Hand       |       |       |     9 ||     9
Evoke: Wand              |       |       |     2 ||     2
  Use: Potion            |       |       |     3 ||     3
 Stab: Sleeping          |       |     1 |       ||     1
Armor: Animal skin       |    42 |    29 |       ||    71
       Scale mail        |       |    70 |   233 ||   303
Dodge: Dodged            |   106 |   118 |   208 ||   432
